Map: Odyssey LE

Players

Daoahvar

  • Race: Protoss Protoss
  • League: Platinum
  • Spawn Location: 11:00

Juxtapose - Winner!

  • Race: Terran Terran
  • League: Gold
  • Spawn Location: 5:00

VOD

https://youtu.be/XvhQlGWiA1A

Description

This match was a pretty standard Terran versus Protoss for me, though I'm impressed with how well that Shield Battery kept his Sentry going.

Time

  • Played on: Dec. 21, 2017, 8:03 p.m.
  • Length: 7:13
Show
View Real Time Build Order
Export as new Build Order

Daoahvar Protoss 

Build Orders:  

Get SALT Encoding   

  12  0:01  Probe  
  13  0:13  Probe  
  14  0:21  Pylon  
  14  0:25  Probe  
  15  0:39  Probe  
  16  0:44  Gateway  
  16  0:52  Probe  
  17  0:58  Assimilator  
  17  1:04  Probe  
  18  1:18  Probe (Chrono Boost), Pylon  
  19  1:31  Cybernetics Core  
  19  1:32  Probe x2 (Chrono Boost)  
  21  1:42  Probe  
  22  1:51  Assimilator  
  22  1:54  Probe  
  23  2:06  Probe  
  24  2:09  Stalker  
  24  2:11  Warp Gate (Chrono Boost)  
  26  2:20  Nexus  
  26  2:29  Probe  
  27  2:44  Pylon  
  27  2:58  Gateway  
  27  3:03  Robotics Facility  
  27  3:06  Gateway  
  27  3:11  Pylon  
  27  3:18  Shield Battery  
  27  3:19  Sentry  
  29  3:26  Probe  
  30  3:35  Pylon  
  30  3:37  Probe  
  30  3:38  Probe  
  32  3:49  Probe  
  32  3:51  Twilight Council  
  32  3:52  Observer  
  34  4:04  Probe x2  
  34  4:09  Stalker x2  
  40  4:14  Stalker  
  42  4:24  Shield Battery  
  42  4:31  Immortal  
  46  4:39  Probe x2, Assimilator  
  48  4:51  Probe x2  
  50  5:03  Probe x2  
  52  5:11  Stalker x3  
  57  5:15  Probe x2  
  57  5:17  Observer  
  60  5:31  Probe  
  60  5:34  Gateway  
  61  5:37  Gateway  
  61  5:46  Shield Battery  
  61  5:48  Shield Battery  
  52  6:09  Immortal  
  54  6:17  Pylon  
  53  6:20  Pylon  
  53  6:22  Pylon  
  53  6:24  Pylon  
  53  6:25  Pylon  
  45  6:40  Stalker x3  
  45  6:43  Stalker  
  45  6:44  Stalker  
Show
View Real Time Build Order
Export as new Build Order

Juxtapose Terran - Winner!

Build Orders:  

Get SALT Encoding   

  12  0:01  SCV  
  13  0:13  SCV  
  14  0:22  Supply Depot  
  14  0:25  SCV  
  15  0:43  SCV  
  15  0:46  Barracks  
  15  0:47  Supply Depot  
  16  0:55  SCV  
  17  1:07  Refinery  
  17  1:08  SCV  
  18  1:14  Refinery  
  18  1:20  SCV  
  19  1:33  Orbital Command  
  19  1:41  Marine  
  20  2:00  SCV  
  21  2:07  Barracks Reactor  
  21  2:12  SCV  
  22  2:19  Factory  
  22  2:24  SCV  
  23  2:32  Engineering Bay  
  23  2:36  SCV  
  24  2:43  Supply Depot  
  24  2:45  Marine x2  
  24  2:48  SCV  
  27  3:00  SCV  
  27  3:02  Factory Reactor  
  28  3:07  Terran Infantry Weapons Level 1, Starport  
  28  3:13  Missile Turret  
  28  3:15  Marine x2  
  30  3:23  Supply Depot  
  30  3:33  Marine x2  
  32  3:43  Cyclone  
  35  3:50  Supply Depot  
  35  3:51  Marine x2  
  35  3:53  Cyclone  
  40  4:14  Marine x2  
  40  4:15  Cyclone  
  40  4:17  Starport Tech Lab  
  45  4:25  Cyclone  
  48  4:31  Marine x2  
  50  4:47  Cyclone  
  50  4:49  Supply Depot, Marine x2  
  55  5:11  Marine x2  
  55  5:12  Supply Depot  
  57  5:16  Terran Infantry Armor Level 1  
  57  5:17  Medivac  
  59  5:22  Cyclone  
  62  5:28  Marine  
  62  5:33  Marine  
  64  5:37  Command Center  
  64  5:46  Marine  
  65  5:51  Marine  
  59  6:21  Marine x2  
  61  6:39  Marine x2  
Tags
 
Add a new tag
Caveats
  • Supply blocks, unpowered buildings, or Contaminate may cause inaccurate times.
  • Supply counts are checked every 10 seconds.